 Dungeon Crawl Stone Soup version 0.32-a0-732-ga344392067 (console) character file.

Game seed: 10209377426319259863

1627 aruru the Thaumaturge (level 8, -1/81 HPs)
             Began as an Oni Wanderer on Mar 16, 2024.
             Was a Believer of Fedhas.
             Slain by an orc warrior
             ... wielding a +0 battleaxe
              (8 damage)
             ... on level 7 of the Dungeon.
             The game lasted 00:18:04 (7212 turns).

aruru the Thaumaturge (Oni Wanderer)                Turns: 7212, Time: 00:18:04

Health: -1/81      AC:  6    Str: 20    XL:     8   Next: 97%
Magic:  13/20      EV:  8    Int: 13    God:    Fedhas [**....]
Gold:   290        SH:  0    Dex:  7    Spells: 15/23 levels left

rFire   . . .        j - +0 whip (venom)
rCold   . . .        (no shield)
rNeg    . . .        f - +0 robe
rPois   +            A - +2 hat
rElec   .            B - +0 cloak
rCorr   .            (gloves unavailable)
SInv    .            (boots unavailable)
Will    +....        (no amulet)
Stlth   ++           l - ring of poison resistance
HPRegen 0.33/turn    v - ring of flight
MPRegen 0.17/turn

%: no passive effects
@: freezing walls, enlightened, flying
A: large, unfitting armour, horns 1, tough skin 1, double potion healing,
drunken brawling
a: Renounce Religion, Wall of Briars


You were on level 7 of the Dungeon.
You worshipped Fedhas.
Fedhas was pleased with you.
You visited 1 branch of the dungeon, and saw 8 of its levels.
You also visited: Sewer.

You collected 290 gold pieces.

Inventory:

Hand Weapons
 g - a +1 dagger of draining
 j - a +0 whip of venom (weapon)
Missiles
 a - 4 javelins
 c - 11 poisoned darts (quivered)
 d - a throwing net
 y - 3 curare-tipped darts
Armour
 f - a +0 robe (worn)
 A - a +2 hat (worn)
 B - a +0 cloak (worn)
Jewellery
 l - a ring of poison resistance (left hand)
 v - a ring of flight (right hand)
Wands
 k - a wand of charming (8)
 q - a wand of iceblast (13)
 t - a wand of flame (14)
Scrolls
 b - 2 scrolls of fear
 e - 4 scrolls of teleportation
 r - a scroll of immolation {unknown}
 s - a scroll of enchant weapon {unknown}
 x - a scroll of acquirement {unknown}
Potions
 h - 3 potions of degeneration {unknown}
 i - 4 potions of enlightenment
 m - a potion of lignification {unknown}
 n - a potion of brilliance
 o - a potion of attraction
 u - 2 potions of resistance {unknown}
 w - 2 potions of invisibility {unknown}
 z - a potion of might {unknown}
 C - a potion of cancellation {unknown}


   Skills:
 + Level 5.6 Fighting
 - Level 2.0 Throwing
 - Level 1.0 Dodging
 - Level 3.7 Stealth
 + Level 8.1 Spellcasting
 + Level 1.0 Summonings
 - Level 5.0 Ice Magic
 + Level 1.0 Air Magic
 + Level 3.3 Invocations
 - Level 1.0 Evocations


You had 15 spell levels left.
You knew the following spells:

 Your Spells              Type           Power      Damage    Failure   Level
a - Freeze                Ice            72%        1d8       1%          1
b - Frozen Ramparts       Ice            36%        1d6       5%          3
c - Summon Lightning Spi  Summ/Air       7%         N/A       65%         4

Your spell library contained the following spells:

 Spells                   Type           Power      Damage    Failure   Level
 Call Canine Familiar     Summ           7%         N/A       26%         3
 Sigil of Binding         Hex            5%         N/A       38%         3
 Animate Armour           Summ/Erth      12%        N/A       73%         4
 Dimensional Bullseye     Hex/Tloc       2%         N/A       80%         4
 Lee's Rapid Deconstruct  Erth           2%         3d5*      98%         5


Dungeon Overview and Level Annotations

Branches:
Dungeon (8/15)             Temple (0/1) D:6           Sewer (visited)
   Lair: D:8-11

Altars:
Dithmenos
Fedhas
Ru
Trog
Uskayaw
Wu Jian
Xom

Shops:
D:1 (

Annotations:
D:6 2 transporters, RandomusNamus's ghost, novice OpSh


Innate Abilities, Weirdness & Mutations

You are too large for most types of armour.
You have a pair of small horns on your head.
You have tough skin. (AC +1)
You gain doubled healing and magic from potions.
Whenever you drink a healing potion, you attack all around you.


Message History

The orc warrior barely misses you.
Casting: Freeze (safe; 1% risk of failure)
Confirm with . or Enter, or press ? or * to list all spells.
Okay, then.
Unknown command.
Okay, then.
Unknown command.
Casting: Freeze (safe; 1% risk of failure)
Confirm with . or Enter, or press ? or * to list all spells.
Casting: Frozen Ramparts (dangerous; 5% risk of failure)
Press: ? - help, Dir - look around, f - activate A stone staircase leading down, spattered with blood.
The walls around you are covered in ice.
The wall freezes the orc wizard.
You kill the orc wizard!
Fedhas appreciates your contribution to the ecosystem.
The wall freezes the orc warrior.
The orc warrior closely misses you.
Your Summonings skill increases to level 1!
Your Air Magic skill increases to level 1!
You barely miss the orc warrior.
You headbutt the orc warrior, but do no damage.
The orc warrior is heavily wounded.
The wall freezes the orc warrior but does no damage.
The orc warrior hits you with a +0 battleaxe!
* * * LOW HITPOINT WARNING * * *
Aiming: Charm
Press: ? - help, Shift-Dir - straight line, f - orc warrior
Aim: an orc warrior, wielding a +0 battleaxe and wearing a +0 chain mail (heavily wounded, poisoned, chance to affect: 50%)
The orc warrior resists with significant effort.
The wall freezes the orc warrior.
The orc warrior hits you with a +0 battleaxe!
* * * LOW HITPOINT WARNING * * *
Aiming: Charm
Press: ? - help, Shift-Dir - straight line, f/p - orc warrior
Aim: an orc warrior, wielding a +0 battleaxe and wearing a +0 chain mail (severely wounded, poisoned, chance to affect: 50%)
The orc warrior resists with significant effort.
The wall freezes the orc warrior but does no damage.
The orc warrior hits you with a +0 battleaxe!
You die...
Fedhas appreciates your contribution to the ecosystem.

## ...
.#....... .....
... #...##.#
###.....##
.........#
.........##
........o@#
........)##
...###..##
....#...#
#.....#
#........o..o
...............
......#.###o...
..#..#### .##


You could see an orc warrior (poisoned).

Vanquished Creatures
  Sigmund (D:5)
  Edmund (D:5)
  An ice beast (D:6)
  A sky beast (D:6)
  A black bear (D:5)
  Blork the orc (D:5)
  4 kobold brigands (Sewer)
  A howler monkey (D:5)
  A bombardier beetle (D:6)
  4 hounds
  A gnoll bouda (D:4)
  2 jellies
  An orc priest (D:5)
  5 iguanas
  Ijyb (D:5)
  2 orc wizards
  6 gnolls
  6 adders
  2 river rats (Sewer)
  A white imp (D:6)
  2 dart slugs
  8 ribbon worms
  6 orcs
  11 ball pythons
  5 bats
  9 endoplasms
  4 giant cockroaches
  7 goblins
  6 hobgoblins
  2 jackals (D:1)
  4 quokkas
  10 frilled lizards
  13 kobolds
  7 rats
137 creatures vanquished.

Vanquished Creatures (others)
  A sleepcap (D:5)
1 creature vanquished.

Grand Total: 138 creatures vanquished

Notes
Turn   | Place    | Note
-------+----------+-------------------------------------------
     0 | D:1      | aruru the Oni Wanderer began the quest for the Orb.
     0 | D:1      | aruru set off with the following items: a +2 dagger, a
                  | scroll of fear, 9 poisoned darts, a +0 dagger, a scroll of
                  | teleportation, a +0 robe; and the following spell
                  | memorised: Freeze; and the following spells available to
                  | memorise: Frozen Ramparts.
     0 | D:1      | Reached XP level 1. HP: 16/16 MP: 2/2
    83 | D:1      | Reached skill level 2 in Spellcasting
    92 | D:1      | Reached XP level 2. HP: 19/24 MP: 5/5
   179 | D:1      | Found Zulo's Antique Weapon Shoppe.
   495 | D:1      | Reached XP level 3. HP: 31/31 MP: 6/6
   499 | D:1      | Learned a level 3 spell: Frozen Ramparts
  1846 | D:2      | Reached XP level 4. HP: 27/39 MP: 8/8
  1943 | D:3      | Reached skill level 3 in Spellcasting
  2239 | D:3      | Found a shimmering altar of Xom.
  2246 | D:3      | Found a bloodstained altar of Trog.
  2410 | D:3      | Found a blossoming altar of Fedhas.
  2412 | D:3      | Found a shadowy altar of Dithmenos.
  2702 | D:3      | Became a worshipper of Fedhas Madash
  2759 | D:4      | Reached XP level 5. HP: 40/45 MP: 8/10
  2805 | D:3      | Found a blossoming altar of Fedhas.
  2807 | D:3      | Found a shadowy altar of Dithmenos.
  3250 | D:4      | Reached skill level 1 in Evocations
  3354 | D:4      | Reached skill level 4 in Spellcasting
  3383 | D:4      | Reached XP level 6. HP: 30/53 MP: 5/12
  3909 | D:4      | Reached * piety under Fedhas
  3923 | D:4      | Found an ornate altar of the Wu Jian Council.
  4231 | D:5      | Entered Level 5 of the Dungeon
  4250 | D:5      | Noticed a black bear
  4260 | D:5      | Killed a black bear
  4293 | D:5      | Noticed Edmund
  4369 | D:5      | Reached skill level 5 in Spellcasting
  4412 | D:5      | Noticed Sigmund
  4499 | D:5      | Reached XP level 7. HP: 59/59 MP: 14/14
  4563 | D:5      | Noticed Ijyb
  4585 | D:5      | Killed Ijyb
  4688 | D:5      | Killed Edmund
  4809 | D:5      | Reached skill level 5 in Ice Magic
  4899 | D:5      | Reached skill level 6 in Spellcasting
  5178 | D:5      | Killed Sigmund
  5179 | D:5      | Reached skill level 7 in Spellcasting
  5179 | D:5      | Reached XP level 8. HP: 65/67 MP: 15/19
  5322 | D:5      | Noticed Blork the orc
  5333 | D:5      | Killed Blork the orc
  5615 | D:6      | Reached skill level 8 in Spellcasting
  5642 | D:6      | Found a staircase to the Ecumenical Temple.
  5663 | D:6      | Found a glowing drain.
  5707 | Sewer    | Entered a sewer
  6006 | Sewer    | Reached ** piety under Fedhas
  6343 | Sewer    | Reached skill level 1 in Invocations
  6432 | Sewer    | Reached skill level 5 in Fighting
  6668 | D:6      | Found a sacrificial altar of Ru.
  6717 | D:6      | Learned a level 4 spell: Summon Lightning Spire
  6824 | D:6      | Noticed RandomusNamus's ghost (novice OpSh)
  6877 | D:6      | Found a transporter.
  6878 | D:6      | Identified the +5 dire flail "Luass" {freeze, +Blink rC+
                  | Will+ Dex-2}
  6889 | D:6      | Found a transporter.
  6964 | D:6      | Noticed a +0 dagger
  6964 | D:6      | Noticed a +0 hand axe
  6966 | D:6      | Found a hide-covered altar of Uskayaw.
  7169 | D:6      | You are sucked into a shaft and drop 2 floors!
  7210 | D:7      | Reached skill level 1 in Summonings
  7210 | D:7      | Reached skill level 1 in Air Magic
  7212 | D:7      | Slain by an orc warrior

Illustrated notes

Levels and vault maps discovered:
D:1:      dpeg_arrival_boxorama, layout_basic, serial_shops,
          nicolae_shop_back_alley_shop, minmay_misc_feat_hallway,
          grunt_decor_mini_mirrors, minmay_tetromino_i2
D:2:      mumra_celtic_spiral_tile, layout_basic
D:3:      layout_basic, jmf_multi_god_temple, jmf_multi_god_temple2,
          minmay_surrounded
D:4:      layout_basic, nzn_wu_jian_council_hall, minmay_lizard_king
D:5:      layout_loops_ring, uniq_edmund, uniq_ijyb, uniq_sigmund,
          uniq_blork_the_orc
D:6:      layout_cave_pods, kennysheep_mini_moat, dancing_weapons_uskayaw,
          temple_doors_ab, gup_sewer_entry_glass, gammafunk_ghost_smash
D:7:      minmay_recursive_quarters, layout_cave_pools, uniq_jeremiah
D:8:      layout_rooms, general_overflow_altar

Skill      XL: |  1  2  3  4  5  6  7  8 |
---------------+-------------------------+-----
Spellcasting   | 2 3 4 5 7 8 |  8.1
Ice Magic      | 2 3 4 5 |  5.0
Evocations     | 1 |  1.0
Fighting       | 5 |  5.6
Invocations    | 3 |  3.3
Summonings     | 1 |  1.0
Air Magic      | 1 |  1.0
Throwing       | |  2.0
Dodging        | |  1.0
Stealth        | |  3.7

Action                     |  1- 3 |  4- 6 |  7- 9 || total
---------------------------+-------+-------+-------++-------
  Melee: Dagger            |    52 |       |       ||    52
         Headbutt          |    15 |    18 |    29 ||    62
         Whip              |    53 |   145 |   168 ||   366
  Throw: Dart              |     5 |     8 |     9 ||    22
   Cast: Freeze            |     1 |     3 |     6 ||    10
         Frozen Ramparts   |       |    10 |    19 ||    29
  Evoke: Wand              |       |       |    11 ||    11
    Use: Scroll            |     1 |     4 |       ||     5
         Potion            |       |       |     2 ||     2
   Stab: Sleeping          |     9 |     5 |     1 ||    15
 Armour: Robe              |    71 |   100 |   127 ||   298
  Dodge: Dodged            |    57 |    65 |    69 ||   191

Table legend: (Time is in decaauts)
 A = Elapsed time spent in this place.
 B = Non-inter-level travel time spent in this place.
 C = Inter-level travel time spent in this place.
 D = Time resting spent in this place.
 E = Time spent auto-exploring this place.
 F = Levels seen in this place.
 G = Mean time per level.
                   A        B        C        D        E       F      G
               +--------+--------+--------+--------+--------+-----+--------+
         Total |   7244 |   6977 |    267 |   1271 |   4154 |   9 |  804.9 |
       Dungeon |   6359 |   6092 |    267 |   1107 |   3668 |   8 |  794.9 |
         Sewer |    885 |    885 |      0 |    164 |    486 |   1 |  885.0 |
               +--------+--------+--------+--------+--------+-----+--------+

Top non-repeatable levels by time:
     D:3: 1287 daAuts
     D:5: 1280 daAuts
     D:4: 1139 daAuts
     D:2: 965 daAuts
     D:1: 902 daAuts
   Sewer: 885 daAuts
     D:6: 740 daAuts
     D:7: 33 daAuts
     D:8: 9 daAuts
